 Dungeon Crawl Stone Soup version 0.21.1-1-g345015fe64 (webtiles) character file.

22558 KamiKatze the Devastator (level 12, -7/66 HPs)
             Began as a Deep Elf Conjurer on Feb 7, 2018.
             Was a Priest of Vehumet.
             Mangled by a komodo dragon (31 damage)
             ... on level 4 of the Lair of Beasts on Feb 8, 2018.
             The game lasted 01:22:30 (15376 turns).

KamiKatze the Devastator (Deep Elf Conjurer)       Turns: 15376, Time: 01:22:30

Health: -7/66      AC:  8    Str: 11    XL:     12   Next: 64%
Magic:  29/31      EV: 16    Int: 26    God:    Vehumet [***...]
Gold:   720        SH:  0    Dex: 15    Spells: 20/38 levels left

rFire    . . .     SeeInvis .   S - +8 rapier "Voga" {speed, *Noise rPois Str+6}
rCold    . . .     Gourm    .   (no shield)
rNeg     . . .     Faith    .   R - +2 robe {MR+}
rPois    +         Spirit   .   v - +1 hat {MR+}
rElec    .         Reflect  .   A - +0 cloak
rCorr    +         Harm     .   O - +1 pair of gloves
MR       +++..                  (no boots)
Stlth    ++........             H - amulet of magic regeneration
HPRegen  0.21/turn              x - ring of resist corrosion
MPRegen  0.47/turn              I - ring of wizardry

@: no status effects
A: no striking features
a: Renounce Religion


You were on level 4 of the Lair of Beasts.
You worshipped Vehumet.
Vehumet was most pleased with you.
You were not hungry.

You visited 3 branches of the dungeon, and saw 15 of its levels.

You collected 1140 gold pieces.
You spent 420 gold pieces at shops.

Inventory:

Hand Weapons
 a - a +0 dagger of electrocution
 S - the +8 rapier "Voga" (weapon) {speed, *Noise rPois Str+6}
   (You found it on level 4 of the Lair of Beasts)

   Attacks with this weapon are significantly faster.
   It affects your strength (+6).
   It protects you from poison.
   It may make noises in combat.
Missiles
 h - 4 needles of sleeping
 p - 18 poisoned needles
Armour
 v - a +1 hat of magic resistance (worn)
 A - a +0 cloak (worn)
 O - a +1 pair of gloves (worn)
 R - a +2 robe of magic resistance (worn)
Magical Staves
 b - an uncursed staff of cold
Jewellery
 n - an uncursed ring of wizardry
 x - a ring of resist corrosion (left hand)
 B - an uncursed ring of flight
 D - an uncursed ring of positive energy
 H - an amulet of magic regeneration (around neck)
 I - a ring of wizardry (right hand)
Wands
 r - a wand of random effects (29)
 z - a wand of digging (15)
 N - a wand of disintegration (7)
Scrolls
 e - 8 scrolls of teleportation
 f - 2 scrolls of remove curse
 i - 2 scrolls of amnesia
 l - a scroll of immolation
 C - a scroll of enchant weapon
 G - 4 scrolls of magic mapping
 P - 3 scrolls of identify
Potions
 d - 6 potions of curing
 g - a potion of berserk rage
 j - 2 potions of heal wounds
 m - 3 potions of resistance
 o - 3 potions of flight
 q - 2 potions of lignification
 s - 2 potions of ambrosia
 u - a potion of haste
 w - 2 potions of mutation
 F - 2 potions of brilliance
 K - 2 potions of might
Books
 k - a book of Conjurations

   Spells                             Type                      Level
   a - Magic Dart                     Conjuration                  1
   b - Searing Ray                    Conjuration                  2
   c - Dazzling Spray                 Conjuration/Hexes            3
   d - Fulminant Prism                Conjuration/Hexes            4
   e - Force Lance                    Conjuration/Translocation    4
   f - Iskenderun's Mystic Blast      Conjuration                  4
 t - a book of Debilitation

   Spells                             Type                      Level
   a - Corona                         Hexes                        1
   b - Slow                           Hexes                        2
   c - Inner Flame                    Hexes/Fire                   3
   d - Portal Projectile              Hexes/Translocation          3
   e - Cause Fear                     Hexes                        4
   f - Leda's Liquefaction            Hexes/Earth                  4
 y - a Young Poisoner's Handbook

   Spells                             Type                      Level
   a - Sting                          Conjuration/Poison           1
   b - Poisonous Vapours              Poison/Air                   2
   c - Mephitic Cloud                 Conjuration/Poison/Air       3
   d - Olgreb's Toxic Radiance        Poison                       4
   e - Venom Bolt                     Conjuration/Poison           5
 E - a book of Air

   Spells                             Type                      Level
   a - Shock                          Conjuration/Air              1
   b - Swiftness                      Charms/Air                   2
   c - Static Discharge               Conjuration/Air              3
   d - Airstrike                      Air                          4
   e - Lightning Bolt                 Conjuration/Air              5
 L - a book of Changes

   Spells                             Type                      Level
   a - Beastly Appendage              Transmutation                1
   b - Sticks to Snakes               Transmutation                2
   c - Spider Form                    Transmutation/Poison         3
   d - Ice Form                       Ice/Transmutation            4
   e - Blade Hands                    Transmutation                5
 M - a book of Clouds

   Spells                             Type                      Level
   a - Poisonous Vapours              Poison/Air                   2
   b - Mephitic Cloud                 Conjuration/Poison/Air       3
   c - Conjure Flame                  Conjuration/Fire             3
   d - Freezing Cloud                 Conjuration/Ice/Air          6
   e - Ring of Flames                 Charms/Fire                  7
 Q - a book of Beasts

   Spells                             Type                      Level
   a - Summon Butterflies             Summoning                    1
   b - Call Canine Familiar           Summoning                    3
   c - Summon Ice Beast               Ice/Summoning                4
   d - Summon Mana Viper              Hexes/Summoning              5
   e - Summon Hydra                   Summoning                    7
Comestibles
 c - 22 rations


   Skills:
 + Level 4.0 Fighting
 + Level 6.7 Dodging
 - Level 2.4 Stealth
 * Level 13.6 Spellcasting
 * Level 15.3 Conjurations
 - Level 11.0 Hexes
 - Level 5.0 Translocations


You had 20 spell levels left.
You knew the following spells:

 Your Spells              Type           Power        Failure   Level  Hunger
a - Magic Dart            Conj           ####         0%          1    None
b - Searing Ray           Conj           ######       0%          2    None
c - Dazzling Spray        Conj/Hex       ######       1%          3    None
d - Iskenderun's Mystic   Conj           #######.     1%          4    None
e - Fulminant Prism       Conj/Hex       ######....   1%          4    None
f - Force Lance           Conj/Tloc      ######..     1%          4    None


Dungeon Overview and Level Annotations

Branches:
Dungeon (10/15)            Temple (1/1) D:7            Lair (4/6) D:10
 Shoals (0/4) Lair:2       Spider (0/4) Lair:2
    Orc: D:9-12

Altars:
Ashenzari
Cheibriados
Dithmenos
Elyvilon
Fedhas
Gozag
Hepliaklqana
Kikubaaqudgha
Makhleb
Nemelex Xobeh
Okawaru
Qazlal
Ru
Sif Muna
Trog
Uskayaw
Vehumet
Wu Jian
Xom
Yredelemnul
Zin
The Shining One
Beogh

Shops:
D:5 =   D:6 }

Annotations:
D:4 newuser's ghost, amateur GrGl
D:9 1 exclusion


Message History

The blast of energy engulfs the killer bee.
You kill the killer bee!
Vehumet accepts your kill.
You hear an angry buzzing noise. x5; You hear a trumpeting! x2
Casting: Fulminant Prism
Confirm with . or Enter, or press ? or * to list all spells.
Aiming: Force Lance
Press: ? - help, Shift-Dir - straight line, f - komodo dragon
Aim: a komodo dragon The lance of force hits the komodo dragon.
The komodo dragon is moderately wounded.
The komodo dragon is knocked back by the lance of force.
A killer bee comes into view.
A killer bee comes into view.
The komodo dragon completely misses you.
The killer bee stings you. The killer bee stings you!
The komodo dragon misses you.
There is a stone staircase leading up, spattered with blood here.
The killer bee closely misses you. x2; The komodo dragon bites you!!
You die...

.........#.#>..##
#......y.......#
#..........#...###
##...............P#
#.................♣♣
#.#..........>.....♣
# #................♣
#....l...y.......#
#....@.........###
#...y........###
...#...........##
................#
.............P..#
..###........#...#
.# #.......##......
#......####......
##....#.# .#....


You could see a komodo dragon and 3 killer bees.

Vanquished Creatures
  Gastronok (D:8)
  3 hydras
  Erica (D:8)
  3 two-headed ogres
  Nergalle (Lair:3)
  An unseen horror (D:10)
  A merfolk siren (Lair:2)
  2 oklob plants (Lair:1)
  2 elephants (Lair:3)
  3 black mambas
  5 spiny frogs
  A komodo dragon (Lair:2)
  A rime drake (Lair:1)
  A polar bear (Lair:2)
  4 hornets (D:8)
  A jumping spider (Lair:2)
  Grinder (D:6)
  5 blink frogs (Lair:2)
  9 yaks
  A spriggan (Lair:4)
  A basilisk (Lair:1)
  2 wyverns (Lair:4)
  The ghost of Faustar the Magician, an amateur DrWz (D:5)
  A steam dragon (Lair:3)
  5 water moccasins
  2 ice beasts
  2 sky beasts
  5 porcupines
  A hornet zombie (D:7)
  3 orc warriors
  3 phantoms
  A black bear (D:6)
  2 wolves (Lair:2)
  4 ogres
  6 centaurs
  4 crocodiles
  6 bullfrogs
  3 scorpions
  2 water moccasin skeletons
  9 killer bees
  4 wights (D:6)
  An electric eel (Lair:1)
  A vampire bat (D:4)
  4 howler monkeys
  3 bullfrog zombies
  6 crimson imps
  A quasit (D:6)
  A gnoll shaman (D:6)
  A hound (D:10)
  An orc priest (D:8)
  4 jellies
  5 orc wizards
  2 bullfrog skeletons
  8 iguanas
  Jessica (D:2)
  4 worker ants
  A hound skeleton (D:10)
  A worker ant zombie (D:6)
  Robin (D:2)
  7 gnolls (D:6)
  6 adders
  A shadow imp (D:6)
  3 oozes
  An adder zombie (D:7)
  An adder skeleton (D:4)
  2 worms
  A dart slug (D:3)
  3 fire bats (D:4)
  7 leopard geckos
  45 orcs
  2 spectral bats (D:4)
  15 bats
  3 bat skeletons (D:4)
  A bat zombie (D:4)
  3 giant cockroaches
  2 gnoll zombies (D:6)
  20 goblins
  11 hobgoblins
  16 jackals
  5 quokkas
  2 ball pythons
  A bat simulacrum (D:4)
  9 frilled lizards
  A jackal zombie (D:6)
  6 kobolds
  A quokka zombie (D:5)
  10 rats
  A fulminant prism (Lair:1)
  5 plants
351 creatures vanquished.

Vanquished Creatures (others)
  A frilled lizard (D:2)
  55 fulminant prisms
  3 fungi (Lair:2)
  7 plants
66 creatures vanquished.

Grand Total: 417 creatures vanquished

Notes
Turn   | Place    | Note
-------+----------+-------------------------------------------
     0 | D:1      | KamiKatze the Deep Elf Conjurer began the quest for the Orb.
     0 | D:1      | Reached XP level 1. HP: 10/10 MP: 6/6
   299 | D:1      | Reached XP level 2. HP: 15/15 MP: 4/8
   303 | D:1      | Learned a level 2 spell: Searing Ray
   545 | D:1      | Reached skill level 5 in Conjurations
   689 | D:1      | Reached XP level 3. HP: 19/19 MP: 6/10
   694 | D:1      | Learned a level 3 spell: Dazzling Spray
   946 | D:2      | Noticed Robin
  1458 | D:1      | Reached skill level 1 in Hexes
  1554 | D:2      | Killed Robin
  1554 | D:2      | Reached XP level 4. HP: 24/24 MP: 3/12
  1660 | D:2      | Noticed Jessica
  1663 | D:2      | Killed Jessica
  1752 | D:2      | Found a white marble altar of Elyvilon.
  1998 | D:3      | Noticed an ice beast
  2012 | D:3      | Killed an ice beast
  2012 | D:3      | Reached skill level 6 in Conjurations
  2012 | D:3      | Reached XP level 5. HP: 13/28 MP: 4/14
  2281 | D:3      | Found a glowing golden altar of the Shining One.
  2366 | D:3      | Learned a level 4 spell: Iskenderun's Mystic Blast
  2444 | D:3      | Reached skill level 5 in Spellcasting
  2444 | D:3      | Reached XP level 6. HP: 32/32 MP: 7/15
  2986 | D:3      | Learned a level 4 spell: Fulminant Prism
  3040 | D:4      | Noticed newuser's ghost (amateur GrGl)
  3355 | D:4      | Found an ornate altar of the Wu Jian Council.
  3418 | D:4      | Reached skill level 7 in Conjurations
  4037 | D:4      | Reached XP level 7. HP: 36/36 MP: 9/17
  4349 | D:4      | Found a blossoming altar of Fedhas.
  4349 | D:4      | Found a hazy altar of Hepliaklqana.
  4349 | D:4      | Found an iron altar of Okawaru.
  4453 | D:5      | Entered Level 5 of the Dungeon
  4634 | D:5      | Reached skill level 8 in Conjurations
  4678 | D:5      | Reached skill level 5 in Hexes
  4941 | D:5      | Reached XP level 8. HP: 32/41 MP: 15/20
  4995 | D:5      | Found a hide-covered altar of Uskayaw.
  5059 | D:5      | Learned a level 4 spell: Force Lance
  5112 | D:5      | Found Wiyd Wiz's Jewellery Emporium.
  5113 | D:5      | Noticed Faustar's ghost (amateur DrWz)
  5137 | D:5      | Killed Faustar's ghost
  5203 | D:5      | Reached skill level 1 in Translocations
  5373 | D:6      | Reached skill level 9 in Conjurations
  5475 | D:6      | Found Uxedas's Gadget Emporium.
  5475 | D:6      | Noticed Grinder
  6218 | D:6      | Killed Grinder
  6218 | D:6      | Reached skill level 10 in Conjurations
  6218 | D:6      | Reached XP level 9. HP: 23/45 MP: 4/23
  6731 | D:6      | Found a basalt altar of Yredelemnul.
  7076 | D:6      | Noticed a two-headed ogre
  7456 | D:7      | Found a staircase to the Ecumenical Temple.
  7465 | Temple   | Entered the Ecumenical Temple
  7710 | Temple   | Became a worshipper of Vehumet
  8216 | D:5      | Bought an uncursed amulet of magic regeneration for 420 gold pieces
  8257 | D:6      | Killed a two-headed ogre
  8257 | D:6      | Reached skill level 11 in Conjurations
  8257 | D:6      | Reached skill level 5 in Translocations
  8333 | D:6      | Noticed a two-headed ogre
  8350 | D:6      | Killed a two-headed ogre
  8350 | D:6      | Reached XP level 10. HP: 50/50 MP: 12/25
  8573 | D:8      | Reached skill level 10 in Spellcasting
  8575 | D:8      | Reached skill level 12 in Conjurations
  8818 | D:8      | Noticed Erica
  9038 | D:8      | Reached * piety under Vehumet
  9038 | D:8      | Offered knowledge of Flame Tongue by Vehumet.
  9084 | D:8      | Noticed a two-headed ogre
  9087 | D:8      | Killed a two-headed ogre
  9212 | D:8      | Noticed Gastronok
  9812 | D:9      | Found a sparkling altar of Nemelex Xobeh.
  9901 | D:8      | Killed Erica
  9901 | D:8      | Reached skill level 10 in Hexes
 10029 | D:8      | Found a roughly hewn altar of Beogh.
 10303 | D:8      | Killed Gastronok
 10303 | D:8      | Reached ** piety under Vehumet
 10303 | D:8      | Offered knowledge of Freeze by Vehumet.
 10303 | D:8      | Reached skill level 13 in Conjurations
 10303 | D:8      | Reached XP level 11. HP: 45/54 MP: 19/28
 10788 | D:10     | Entered Level 10 of the Dungeon
 11136 | D:10     | Found a glowing golden altar of the Shining One.
 11323 | D:10     | Killed an unseen horror
 11407 | D:10     | Found a staircase to the Lair.
 11661 | Lair:1   | Entered Level 1 of the Lair of Beasts
 11746 | Lair:1   | Noticed a seven-headed hydra
 11897 | Lair:1   | Killed a seven-headed hydra
 11897 | Lair:1   | Reached skill level 1 in Fighting
 12197 | Lair:1   | Reached skill level 14 in Conjurations
 12334 | Lair:1   | Noticed an oklob plant
 12768 | Lair:1   | Noticed an oklob plant
 12788 | Lair:1   | Killed an oklob plant
 12790 | Lair:1   | Killed an oklob plant
 12940 | Lair:2   | Reached skill level 5 in Dodging
 13095 | Lair:2   | Found a staircase to the Shoals.
 13113 | Lair:2   | Reached XP level 12. HP: 55/64 MP: 14/30
 13273 | Lair:2   | Noticed an eight-headed hydra
 13273 | Lair:2   | Noticed a five-headed hydra
 13376 | Lair:2   | Offered knowledge of Throw Flame by Vehumet.
 13576 | Lair:2   | Found a hole to the Spider Nest.
 14065 | Lair:2   | Killed a five-headed hydra
 14230 | Lair:2   | Killed an eight-headed hydra
 14461 | Lair:3   | Reached skill level 15 in Conjurations
 14709 | Lair:3   | Noticed Nergalle
 14716 | Lair:3   | Killed Nergalle
 15244 | Lair:4   | Got a smoking rapier
 15245 | Lair:4   | Identified the +8 rapier "Voga" {speed, *Noise rPois Str+6} (You found it on level 4 of the Lair of Beasts)
 15279 | Lair:4   | Reached *** piety under Vehumet
 15376 | Lair:4   | Mangled by a komodo dragon

Skill      XL: |  1  2  3  4  5  6  7  8  9 10 11 12 |
---------------+-------------------------------------+-----
Conjurations   | 5 6 7 8 10 11 13 14 15 | 15.3
Hexes          | 1 2 3 4 5 7 8 10 11 | 11.0
Spellcasting   | 4 5 6 8 9 11 12 13 | 13.6
Translocations | 3 5 |  5.0
Dodging        | 5 6 |  6.7
Fighting       | 2 4 |  4.0
Stealth        | |  2.4

Action                   |  1- 3 |  4- 6 |  7- 9 | 10-12 || total
-------------------------+-------+-------+-------+-------++-------
Melee: Dagger            |       |     2 |     7 |     2 ||    11
 Cast: Magic Dart        |    71 |   121 |   120 |    91 ||   403
       Searing Ray       |     5 |    13 |    34 |    17 ||    69
       Dazzling Spray    |       |       |    19 |       ||    19
       Fulminant Prism   |       |       |     9 |    48 ||    57
       Iskenderun's Myst |       |       |    21 |   180 ||   201
       Force Lance       |       |       |       |     6 ||     6
  Use: Scroll            |       |     4 |     9 |    11 ||    24
       Potion            |       |       |     1 |     3 ||     4
 Stab: Sleeping          |       |     1 |       |       ||     1
  Eat: Chunk             |     2 |     7 |    13 |     6 ||    28
       Ration            |       |       |     1 |     4 ||     5
Armor: Robe              |     3 |    27 |     6 |    10 ||    46
Dodge: Dodged            |     9 |    49 |    39 |    43 ||   140
